[ AOE2 MATCH · #506771738 ]
UnrankedFranks vs Wu
Player's team · WIN
Rival team · LOSS
[ REPLAY ANALYSIS · EXTRACTED FROM THE RECORDED GAME ]
Feudal
9:03
Castle
24:31
Imperial
42:21
| APM avg | 52.2 |
| APM peak | 91 |
| eAPM avg | 27.4 |
| Villagers / military | 148 / 492 |
Focus
⚔️ 39.3% · 🌾 60.7%
Scout Cavalry ×176 · Knight ×93 · Skirmisher ×92 · Throwing Axeman ×87 · Bombard Cannon ×11 · Scorpion ×9
Feudal
9:42
Castle
23:55
Imperial
41:32
| APM avg | 39.1 |
| APM peak | 98 |
| eAPM avg | 20.7 |
| Villagers / military | 206 / 274 |
Focus
⚔️ 31.0% · 🌾 69.0%
Spearman ×249 · Unknown (1974) ×188 · Unknown (1968) ×167 · Battering Ram ×17 · Unknown (1942) ×6 · Scout Cavalry ×5
Match map
Initial resources + every placement click. Lines = walls · curves = elevation contours. ◆ gold · ⬟ stone · ● berries · ✦ relic · ◌ wall gap
Your base· ✓ Closed at 24:31 · 60t walls · 3 gate(s)
Carmelo maradona's base· Open — 7t gap
Smoothed initial terrain · ◌ = detected wall gap · hover for details
Inputs per minute
— HK | Foko_89 - - Carmelo maradona
Build order — HK | Foko_89
First 150 of 654 actions detected
| 0:00 | Queue | Villager (Male) |
| 0:01 | Queue | Villager (Male) |
| 0:01 | Queue | Villager (Male) |
| 0:02 | Build | House |
| 0:05 | Build | House |
| 0:26 | Queue | Villager (Male) |
| 0:26 | Queue | Villager (Male) |
| 1:29 | Queue | Villager (Male) |
| 1:29 | Queue | Villager (Male) |
| 2:03 | Build | Lumber Camp |
| 2:04 | Queue | Villager (Male) |
| 2:04 | Queue | Villager (Male) |
| 2:28 | Queue | Villager (Male) |
| 2:51 | Queue | Villager (Male) |
| 3:10 | Queue | Villager (Male) |
| 3:28 | Build | House |
| 3:29 | Build | House |
| 3:39 | Queue | Villager (Male) |
| 4:00 | Queue | Villager (Male) |
| 4:01 | Queue | Villager (Male) |
| 4:21 | Queue | Villager (Male) |
| 4:42 | Build | Mill |
| 4:50 | Research | Loom |
| 5:13 | Queue | Villager (Male) |
| 5:14 | Queue | Villager (Male) |
| 5:14 | Queue | Villager (Male) |
| 5:24 | Build | Palisade Wall |
| 5:25 | Build | Palisade Wall |
| 6:10 | Research | Loom |
| 6:47 | Research | Feudal Age |
| 7:14 | Build | Palisade Wall |
| 7:15 | Build | Palisade Wall |
| 7:16 | Build | Palisade Wall |
| 7:16 | Build | Palisade Wall |
| 7:18 | Build | Palisade Wall |
| 7:36 | Build | Barracks |
| 8:07 | Build | House |
| 9:03 | Age | Feudal Age |
| 9:05 | Build | Stable |
| 9:06 | Research | Double-Bit Axe |
| 9:09 | Queue | Villager (Male) |
| 9:14 | Build | Blacksmith |
| 9:16 | Queue | Villager (Male) |
| 9:22 | Build | Palisade Wall |
| 9:34 | Queue | Spearman |
| 9:35 | Queue | Spearman |
| 9:38 | Queue | Villager (Male) |
| 9:40 | Research | Town Watch |
| 9:44 | Build | Mining Camp |
| 9:52 | Queue | Villager (Male) |
| 10:01 | Build | Palisade Wall |
| 10:06 | Queue | Villager (Male) |
| 10:27 | Build | Palisade Gate |
| 10:32 | Build | Palisade Wall |
| 10:45 | Build | House |
| 10:46 | Build | House |
| 10:50 | Queue | Spearman |
| 10:51 | Queue | Spearman |
| 10:51 | Queue | Spearman |
| 10:59 | Queue | Villager (Male) |
| 10:59 | Queue | Villager (Male) |
| 11:24 | Build | Farm |
| 11:29 | Build | Palisade Gate |
| 11:36 | Queue | Spearman |
| 11:48 | Queue | Villager (Male) |
| 11:53 | Build | Gate |
| 12:00 | Build | Farm |
| 12:04 | Build | Palisade Wall |
| 12:07 | Build | Palisade Wall |
| 12:17 | Queue | Villager (Male) |
| 12:22 | Build | Farm |
| 12:46 | Queue | Villager (Male) |
| 12:49 | Build | Farm |
| 12:51 | Build | Farm |
| 13:03 | Queue | Villager (Male) |
| 13:08 | Build | Farm |
| 13:12 | Build | House |
| 13:15 | Research | Fletching |
| 13:15 | Research | Fletching |
| 13:46 | Build | Watch Tower |
| 13:49 | Queue | Villager (Male) |
| 13:52 | Build | Farm |
| 14:07 | Queue | Villager (Male) |
| 14:10 | Build | House |
| 14:14 | Build | Farm |
| 14:15 | Queue | Villager (Male) |
| 15:03 | Build | Watch Tower |
| 15:08 | Queue | Villager (Male) |
| 15:09 | Build | Farm |
| 15:16 | Build | House |
| 15:19 | Build | House |
| 15:21 | Build | Palisade Wall |
| 15:26 | Build | Palisade Wall |
| 15:53 | Queue | Villager (Male) |
| 15:55 | Build | Farm |
| 15:55 | Build | Farm |
| 15:56 | Build | Farm |
| 15:56 | Build | Farm |
| 15:57 | Build | Farm |
| 16:08 | Queue | Villager (Male) |
| 16:13 | Build | Farm |
| 16:29 | Build | Watch Tower |
| 16:34 | Queue | Villager (Male) |
| 16:39 | Build | Farm |
| 16:45 | Queue | Spearman |
| 16:45 | Queue | Spearman |
| 16:49 | Queue | Spearman |
| 16:54 | Build | Palisade Wall |
| 16:55 | Build | Palisade Wall |
| 16:56 | Build | Palisade Wall |
| 17:00 | Build | Palisade Wall |
| 17:01 | Build | Palisade Wall |
| 17:01 | Build | Palisade Wall |
| 17:02 | Build | Palisade Wall |
| 17:04 | Build | Palisade Wall |
| 17:11 | Queue | Villager (Male) |
| 17:31 | Queue | Villager (Male) |
| 17:35 | Build | Mining Camp |
| 17:53 | Build | Watch Tower |
| 18:04 | Build | Palisade Wall |
| 18:06 | Build | Palisade Wall |
| 18:09 | Queue | Villager (Male) |
| 18:16 | Build | Palisade Wall |
| 18:17 | Build | Palisade Wall |
| 18:19 | Build | Palisade Wall |
| 18:20 | Build | Palisade Wall |
| 18:20 | Build | Palisade Wall |
| 18:26 | Queue | Villager (Male) |
| 18:33 | Build | Lumber Camp |
| 18:35 | Build | Farm |
| 19:21 | Build | Stone Wall |
| 19:22 | Build | Stone Wall |
| 19:22 | Build | Stone Wall |
| 19:33 | Queue | Villager (Male) |
| 19:37 | Queue | Villager (Male) |
| 19:52 | Build | Barracks |
| 20:01 | Build | Watch Tower |
| 20:19 | Build | House |
| 20:23 | Build | House |
| 21:14 | Queue | Villager (Male) |
| 21:21 | Build | Stable |
| 21:37 | Build | Palisade Wall |
| 21:51 | Research | Castle Age |
| 21:51 | Research | Castle Age |
| 22:05 | Build | Farm |
| 22:05 | Build | Farm |
| 22:41 | Build | House |
| 22:48 | Research | Scale Barding Armor |
| 22:48 | Research | Forging |
| 23:53 | Build | Palisade Wall |
Build order — Carmelo maradona
First 150 of 613 actions detected
| 0:01 | Queue | Villager (Male) |
| 0:02 | Queue | Villager (Male) |
| 0:02 | Queue | Villager (Male) |
| 0:02 | Queue | Villager (Male) |
| 0:04 | Build | House |
| 0:05 | Build | House |
| 1:27 | Queue | Villager (Male) |
| 1:27 | Queue | Villager (Male) |
| 1:29 | Build | Lumber Camp |
| 2:04 | Queue | Villager (Male) |
| 2:28 | Queue | Villager (Male) |
| 2:28 | Queue | Villager (Male) |
| 2:44 | Queue | Villager (Male) |
| 3:12 | Queue | Villager (Male) |
| 3:12 | Queue | Villager (Male) |
| 3:27 | Build | House |
| 3:27 | Build | House |
| 3:32 | Queue | Villager (Male) |
| 3:49 | Queue | Villager (Male) |
| 3:49 | Queue | Villager (Male) |
| 4:10 | Queue | Villager (Male) |
| 4:10 | Queue | Villager (Male) |
| 4:48 | Queue | Villager (Male) |
| 4:49 | Queue | Villager (Male) |
| 4:49 | Queue | Villager (Male) |
| 5:06 | Build | Mill |
| 5:44 | Queue | Villager (Male) |
| 6:02 | Queue | Villager (Male) |
| 6:19 | Queue | Villager (Male) |
| 6:20 | Research | Loom |
| 7:21 | Research | Feudal Age |
| 7:49 | Build | Barracks |
| 8:12 | Build | House |
| 8:58 | Build | Palisade Wall |
| 9:42 | Age | Feudal Age |
| 9:43 | Build | Stable |
| 9:53 | Queue | Spearman |
| 9:56 | Queue | Villager (Male) |
| 9:58 | Research | Double-Bit Axe |
| 10:07 | Build | House |
| 10:08 | Build | Palisade Wall |
| 10:14 | Queue | Villager (Male) |
| 10:22 | Build | Farm |
| 10:22 | Build | Farm |
| 10:23 | Build | Farm |
| 10:25 | Build | Farm |
| 10:32 | Queue | Scout Cavalry |
| 10:33 | Queue | Scout Cavalry |
| 10:35 | Queue | Villager (Male) |
| 10:38 | Queue | Spearman |
| 10:51 | Build | Farm |
| 10:52 | Queue | Villager (Male) |
| 11:07 | Research | Horse Collar |
| 11:16 | Build | Farm |
| 11:22 | Build | Farm |
| 11:24 | Queue | Villager (Male) |
| 11:34 | Queue | Scout Cavalry |
| 11:34 | Queue | Scout Cavalry |
| 11:46 | Build | House |
| 11:47 | Build | House |
| 11:49 | Build | Palisade Wall |
| 11:55 | Build | Palisade Wall |
| 11:58 | Queue | Villager (Male) |
| 12:04 | Build | Farm |
| 12:05 | Build | Farm |
| 12:07 | Queue | Villager (Male) |
| 12:29 | Queue | Scout Cavalry |
| 12:45 | Queue | Villager (Male) |
| 12:49 | Queue | Militia |
| 12:56 | Build | Farm |
| 12:57 | Build | Farm |
| 13:09 | Build | Palisade Wall |
| 13:09 | Build | Palisade Wall |
| 13:10 | Build | Palisade Wall |
| 13:20 | Queue | Villager (Male) |
| 13:25 | Queue | Militia |
| 13:30 | Queue | Villager (Male) |
| 13:34 | Build | Palisade Gate |
| 13:42 | Build | House |
| 13:50 | Build | House |
| 14:02 | Queue | Villager (Male) |
| 14:10 | Build | Watch Tower |
| 14:17 | Queue | Villager (Male) |
| 14:26 | Queue | Villager (Male) |
| 14:44 | Queue | Villager (Male) |
| 14:54 | Queue | Villager (Male) |
| 15:11 | Build | Farm |
| 15:13 | Build | Farm |
| 15:40 | Queue | Villager (Male) |
| 15:42 | Build | House |
| 15:44 | Build | Palisade Wall |
| 15:45 | Build | Palisade Wall |
| 15:45 | Build | Palisade Wall |
| 16:01 | Build | Lumber Camp |
| 16:17 | Build | Mining Camp |
| 16:27 | Queue | Villager (Male) |
| 16:31 | Build | Palisade Wall |
| 16:39 | Queue | Villager (Male) |
| 16:42 | Build | Mining Camp |
| 16:53 | Queue | Villager (Male) |
| 16:57 | Build | Outpost |
| 16:59 | Queue | Villager (Male) |
| 17:17 | Build | Outpost |
| 17:27 | Build | Outpost |
| 17:31 | Queue | Villager (Male) |
| 17:38 | Queue | Villager (Male) |
| 17:46 | Queue | Villager (Male) |
| 17:57 | Build | Blacksmith |
| 18:20 | Build | Watch Tower |
| 18:37 | Build | Watch Tower |
| 18:41 | Queue | Villager (Male) |
| 18:46 | Queue | Villager (Male) |
| 18:58 | Queue | Villager (Male) |
| 19:16 | Queue | Villager (Male) |
| 19:22 | Build | Market |
| 19:41 | Queue | Villager (Male) |
| 20:04 | Research | Gold Mining |
| 21:02 | Research | Castle Age |
| 21:13 | Build | Barracks |
| 21:14 | Build | Palisade Wall |
| 21:19 | Research | Scale Mail Armor |
| 22:54 | Research | Forging |
| 23:55 | Age | Castle Age |
| 24:00 | Queue | Unit 1974 ×5 |
| 24:00 | Queue | Unit 1974 ×5 |
| 24:01 | Queue | Unit 1974 ×5 |
| 24:01 | Queue | Unit 1974 |
| 24:19 | Build | Castle |
| 24:24 | Queue | Villager (Male) |
| 24:24 | Queue | Villager (Male) |
| 24:31 | Build | Town Center |
| 24:41 | Research | Chain Mail Armor |
| 24:54 | Queue | Unit 1974 |
| 24:54 | Queue | Unit 1974 |
| 25:33 | Queue | Unit 1974 ×3 |
| 25:33 | Queue | Unit 1974 ×3 |
| 25:47 | Queue | Unit 1968 |
| 25:47 | Queue | Unit 1968 |
| 25:49 | Queue | Villager (Male) |
| 25:49 | Queue | Villager (Male) |
| 26:05 | Build | Town Center |
| 26:17 | Queue | Villager (Male) |
| 26:18 | Queue | Villager (Male) |
| 26:18 | Queue | Villager (Male) |
| 26:31 | Queue | Unit 1968 |
| 26:32 | Queue | Unit 1968 |
| 26:32 | Queue | Unit 1968 |
| 26:32 | Queue | Unit 1968 |
| 26:47 | Queue | Villager (Male) |
| 26:47 | Queue | Villager (Male) |
Match timeline
| 5:24 | HK | Foko_89 · wall_segment Palisade Wall x1 |
| 5:25 | HK | Foko_89 · wall_segment Palisade Wall x1 |
| 7:14 | HK | Foko_89 · wall_segment Palisade Wall x1 |
| 7:15 | HK | Foko_89 · wall_segment Palisade Wall x1 |
| 7:16 | HK | Foko_89 · wall_segment Palisade Wall x1 |
| 7:16 | HK | Foko_89 · wall_segment Palisade Wall x1 |
| 7:18 | HK | Foko_89 · wall_segment Palisade Wall x1 |
| 7:36 | HK | Foko_89 · first_building Barracks |
| 7:49 | Carmelo maradona · first_building Barracks |
| 8:58 | Carmelo maradona · wall_segment Palisade Wall x8 |
| 9:03 | HK | Foko_89 · age_up feudal |
| 9:05 | HK | Foko_89 · first_building Stable |
| 9:22 | HK | Foko_89 · wall_segment Palisade Wall x17 |
| 9:42 | Carmelo maradona · age_up feudal |
| 9:43 | Carmelo maradona · first_building Stable |
| 10:01 | HK | Foko_89 · wall_segment Palisade Wall x14 |
| 10:08 | Carmelo maradona · wall_segment Palisade Wall x1 |
| 10:32 | HK | Foko_89 · wall_segment Palisade Wall x1 |
| 11:49 | Carmelo maradona · wall_segment Palisade Wall x1 |
| 11:55 | Carmelo maradona · wall_segment Palisade Wall x1 |
| 12:04 | HK | Foko_89 · wall_segment Palisade Wall x1 |
| 12:07 | HK | Foko_89 · wall_segment Palisade Wall x1 |
| 13:09 | Carmelo maradona · wall_segment Palisade Wall x1 |
| 13:09 | Carmelo maradona · wall_segment Palisade Wall x1 |
| 13:10 | Carmelo maradona · wall_segment Palisade Wall x1 |
| 15:21 | HK | Foko_89 · wall_segment Palisade Wall x1 |
| 15:26 | HK | Foko_89 · wall_segment Palisade Wall x1 |
| 15:44 | Carmelo maradona · wall_segment Palisade Wall x1 |
| 15:45 | Carmelo maradona · wall_segment Palisade Wall x1 |
| 15:45 | Carmelo maradona · wall_segment Palisade Wall x1 |
| 16:31 | Carmelo maradona · wall_segment Palisade Wall x1 |
| 16:54 | HK | Foko_89 · wall_segment Palisade Wall x1 |
| 16:55 | HK | Foko_89 · wall_segment Palisade Wall x1 |
| 16:56 | HK | Foko_89 · wall_segment Palisade Wall x1 |
| 17:00 | HK | Foko_89 · wall_segment Palisade Wall x1 |
| 17:01 | HK | Foko_89 · wall_segment Palisade Wall x1 |
| 17:01 | HK | Foko_89 · wall_segment Palisade Wall x1 |
| 17:02 | HK | Foko_89 · wall_segment Palisade Wall x1 |
| 17:04 | HK | Foko_89 · wall_segment Palisade Wall x1 |
| 18:04 | HK | Foko_89 · wall_segment Palisade Wall x1 |
| 18:06 | HK | Foko_89 · wall_segment Palisade Wall x1 |
| 18:16 | HK | Foko_89 · wall_segment Palisade Wall x1 |
| 18:17 | HK | Foko_89 · wall_segment Palisade Wall x1 |
| 18:19 | HK | Foko_89 · wall_segment Palisade Wall x1 |
| 18:20 | HK | Foko_89 · wall_segment Palisade Wall x1 |
| 18:20 | HK | Foko_89 · wall_segment Palisade Wall x1 |
| 19:21 | HK | Foko_89 · wall_segment Stone Wall x1 |
| 19:22 | HK | Foko_89 · wall_segment Stone Wall x1 |
| 19:22 | HK | Foko_89 · wall_segment Stone Wall x1 |
| 21:14 | Carmelo maradona · wall_segment Palisade Wall x1 |
| 21:37 | HK | Foko_89 · wall_segment Palisade Wall x1 |
| 23:53 | HK | Foko_89 · wall_segment Palisade Wall x1 |
| 23:55 | Carmelo maradona · age_up castle |
| 24:19 | Carmelo maradona · first_building Castle |
| 24:31 | HK | Foko_89 · age_up castle |
| 25:11 | HK | Foko_89 · wall_segment Palisade Wall x1 |
| 25:12 | HK | Foko_89 · wall_segment Palisade Wall x1 |
| 25:13 | HK | Foko_89 · wall_segment Palisade Wall x1 |
| 27:05 | HK | Foko_89 · first_building Monastery |
| 29:17 | HK | Foko_89 · first_market_sell 100 food |
| 29:20 | HK | Foko_89 · first_market_buy 100 stone |
| 29:23 | HK | Foko_89 · first_building Castle |
| 37:12 | HK | Foko_89 · wall_segment Stone Wall x1 |
| 37:48 | Carmelo maradona · first_building Siege Workshop |
| 38:27 | HK | Foko_89 · wall_segment Stone Wall x24 |
| 39:58 | HK | Foko_89 · wall_segment Stone Wall x23 |
| 40:32 | HK | Foko_89 · wall_segment Stone Wall x1 |
| 41:26 | HK | Foko_89 · wall_segment Stone Wall x1 |
| 41:32 | Carmelo maradona · age_up imperial |
| 41:42 | HK | Foko_89 · wall_segment Stone Wall x7 |
| 42:21 | HK | Foko_89 · age_up imperial |
| 45:16 | Carmelo maradona · first_market_sell 100 food |
| 48:29 | HK | Foko_89 · first_building Siege Workshop |
| 57:17 | HK | Foko_89 · first_building Archery Range |
| 62:29 | Carmelo maradona · first_market_buy 100 stone |
| 67:39 | Carmelo maradona · resign |
[ AI ANALYSIS · 1 CREDIT ]
What really happened in this match?
Wolo.gg analyzes every decision: build order, eco, micro, common mistakes by bracket. Personalized analysis on WhatsApp or Discord in 30 seconds.
Civ guide
Franks
Perfil
Jugador #6322725